 Dungeon Crawl Stone Soup version 0.29.0-11-gd7f09526c8 (webtiles) character file.

Game seed: 1627197304947377959

273 Mahakala the Cleaver (level 6, 0/51 HPs)
             Began as a Minotaur Berserker on Sept 3, 2022.
             Was a Priest of Trog.
             Slain by an orc wizard
             ... wielding a +0 dagger of electrocution
              (3 damage)
             ... on level 3 of the Dungeon.
             The game lasted 00:06:37 (2180 turns).

Mahakala the Cleaver (Minotaur Berserker)           Turns: 2180, Time: 00:06:38

Health: 0/51       AC:  7    Str: 24    XL:     6   Next: 3%
Magic:  5/5        EV: 10    Int:  4    God:    Trog [***...]
Gold:   97         SH:  0    Dex:  9    Spells: 5/5 levels left

rFire   . . .      SeeInvis .   a - +0 hand axe
rCold   . . .      Faith    .   (no shield)
rNeg    . . .      Spirit   .   o - +0 scale mail
rPois   .          Reflect  .   (helmet restricted)
rElec   .          Harm     .   (no cloak)
rCorr   .          Rampage  .   (no gloves)
Will    .....                   c - +0 pair of boots
Stlth   ..........              (no amulet)
HPRegen 0.17/turn               p - ring of flight
MPRegen 0.09/turn               (no ring)

@: on berserk cooldown, flying, slowed, very slow
A: horns 2, retaliatory headbutt
a: Renounce Religion, Berserk, Trog's Hand


You were on level 3 of the Dungeon.
You worshipped Trog.
Trog was most pleased with you.
You visited 1 branch of the dungeon, and saw 3 of its levels.

You collected 97 gold pieces.

Inventory:

Hand Weapons
 a - a +0 hand axe (weapon)
Missiles
 l - 27 stones (quivered)
 n - 6 boomerangs
 q - 2 poisoned darts
Armour
 c - a +0 pair of boots (worn)
 o - a +0 scale mail (worn)
Jewellery
 p - a ring of flight (left hand)
Scrolls
 e - a scroll of vulnerability {unknown}
 f - a scroll of immolation {unknown}
 i - 2 scrolls of enchant weapon {unknown}
 j - 2 scrolls of torment {unknown}
 m - 3 scrolls of teleportation {unknown}
 r - a scroll of blinking {unknown}
 s - a scroll of acquirement {unknown}
 t - a scroll of enchant armour {unknown}
Potions
 d - a potion of flight
 h - a potion of mutation {!q}
 k - 2 potions of curing {@q1}


   Skills:
 - Level 3.6 Fighting
 + Level 8.2 Axes
 - Level 2.4 Armour
 - Level 2.1 Dodging


You had 5 spell levels left.
You didn't know any spells.
Your spell library was empty.

Dungeon Overview and Level Annotations

Branches:
Dungeon (3/15)

Altars:
Nemelex Xobeh
Qazlal
Vehumet


Innate Abilities, Weirdness & Mutations

You have a pair of horns on your head.
You reflexively headbutt those who attack you in melee.


Message History

You are confused.
The orc wizard hits you but does no damage.
The orc closely misses you.
The orc priest hits you with a +0 dagger.
The orc priest closely misses you. The orc wizard casts a spell at you.
You are more confused.
The orc wizard hits you with a +0 dagger of electrocution.
You are electrocuted!!
* * * LOW HITPOINT WARNING * * *
The orc hits you but does no damage.
The orc priest begins to cast a cantrip, but forgets the words!
The orc priest hits you with a +0 dagger.
* * * LOW HITPOINT WARNING * * *
The orc priest looks satisfied for a moment.
The orc wizard hits you but does no damage.
The orc hits you with a +0 club.
* * * LOW HITPOINT WARNING * * *
You feel better.
The orc wizard gestures at you while chanting.
The magic dart hits you.
* * * LOW HITPOINT WARNING * * *
The orc hits you with a +0 club.
* * * LOW HITPOINT WARNING * * *
The orc priest hits you with a +0 dagger.
* * * LOW HITPOINT WARNING * * *
The orc priest closely misses you.
You hit the orc priest.
The orc priest is lightly wounded.
You hit the orc.
You kill the orc!
Trog accepts your kill.
You slash the orc wizard! You hit the orc priest.
You kill the orc priest!
Trog accepts your kill.
The orc priest calls down the wrath of Beogh upon you.
Pain shoots through your body!
* * * LOW HITPOINT WARNING * * *
The orc wizard hits you with a +0 dagger of electrocution.
You die...

#....#)#..#...#.# #.## #
#.##.###.##.# #.# ###.#
#...#.#.#...# #.# ...#
#.###...##..# #.#. #..#
#....#.#.###.#..# ....### #..#
###..#...##..#..##.......##..#
#...###............. #......
.......##..###).####..###.....
............o@#.### ......†..
............oo)...# ####.##.#
.#..#.##.##....#.#.# ####.##.#
.............)...... ......#.#
.≈≈≈≈.._..≈≈≈≈..≈≈≈≈.....
........................
#####...........#####...
..#......## #... ...#......#
#####...


You could see an orc priest and 2 orc wizards.

Vanquished Creatures
  A scorpion (D:3)
  3 orc priests
  An orc wizard (D:2)
  5 adders
  2 dart slugs (D:3)
  6 orcs
  8 endoplasms
  7 giant cockroaches
  11 goblins
  4 hobgoblins
  7 jackals
  A quokka (D:2)
  8 ball pythons
  A bat (D:2)
  2 frilled lizards
  3 kobolds (D:3)
  4 rats
74 creatures vanquished.

Notes
Turn   | Place    | Note
-------+----------+-------------------------------------------
     0 | D:1      | Mahakala the Minotaur Berserker began the quest for the
                  | Orb.
     0 | D:1      | Reached XP level 1. HP: 19/19 MP: 0/0
   260 | D:1      | Reached skill level 4 in Axes
   285 | D:1      | Reached XP level 2. HP: 26/26 MP: 1/1
   714 | D:1      | Found a faded altar of an unknown god.
   878 | D:2      | Reached skill level 5 in Axes
   878 | D:2      | Reached XP level 3. HP: 30/31 MP: 2/2
   950 | D:2      | Reached skill level 6 in Axes
   950 | D:2      | Reached XP level 4. HP: 38/39 MP: 3/3
   956 | D:2      | Reached ** piety under Trog
  1571 | D:3      | Found a sparkling altar of Nemelex Xobeh.
  1609 | D:3      | Reached XP level 5. HP: 45/45 MP: 4/4
  1614 | D:3      | Reached skill level 7 in Axes
  1682 | D:3      | Found a stormy altar of Qazlal.
  2095 | D:3      | Reached *** piety under Trog
  2136 | D:3      | Reached skill level 8 in Axes
  2158 | D:3      | Found a radiant altar of Vehumet.
  2166 | D:3      | Reached XP level 6. HP: 51/51 MP: 5/5
  2180 | D:3      | Slain by an orc wizard

Illustrated notes

Levels and vault maps discovered:
D:1:      dpeg_arrival_oval, layout_rooms, dilly_ecumenical_altar_fadedgnrine
D:2:      layout_basic
D:3:      layout_loops_cross, old_standard_altar, mainiacjoe_overflow_boulevard,
          grunt_qazlal_clouds, minmay_pentomino_pile

Skill      XL: |  1  2  3  4  5 |
---------------+----------------+-----
Axes           | 4 5 6 8 |  8.2
Fighting       | |  3.6
Armour         | |  2.4
Dodging        | |  2.1

Action                   |  1- 3 |  4- 6 || total
-------------------------+-------+-------++-------
Melee: Hand axe          |    50 |   108 ||   158
       Headbutt          |     2 |    16 ||    18
Throw: Stone             |     4 |       ||     4
Invok: Berserk           |     2 |     1 ||     3
  Use: Scroll            |       |     4 ||     4
       Potion            |       |     2 ||     2
Armor: Ring mail         |    11 |     3 ||    14
       Scale mail        |       |    36 ||    36
Dodge: Dodged            |    26 |    40 ||    66
